 Dungeon Crawl Stone Soup version 0.29.0-11-gd7f09526c8 (webtiles) character file.

Game seed: 16664928913663960271

224 RascalDebosk the Shooter (level 5, -2/46 HPs)
             Began as a Minotaur Hunter on Sept 4, 2022.
             Slain by Menkaure (16 damage)
             ... on level 4 of the Dungeon.
             The game lasted 00:17:19 (3130 turns).

RascalDebosk the Shooter (Minotaur Hunter)          Turns: 3130, Time: 00:17:20

Health: -2/46      AC:  6    Str: 15    XL:     5   Next: 67%
Magic:  4/4        EV: 10    Int:  6    God:
Gold:   170        SH:  0    Dex: 16    Spells: 4/4 levels left

rFire   . . .      SeeInvis .   a - +0 shortbow
rCold   . . .      Faith    .   (shield currently unavailable)
rNeg    . . .      Spirit   .   h - +0 scale mail
rPois   .          Reflect  .   (helmet restricted)
rElec   .          Harm     .   (no cloak)
rCorr   .          Rampage  .   (no gloves)
Will    .....                   (no boots)
Stlth   ..........              (no amulet)
HPRegen 0.15/turn               (no ring)
MPRegen 0.09/turn               (no ring)

@: studying Hexes
A: horns 2, retaliatory headbutt
a: no special abilities


You were on level 4 of the Dungeon.
You visited 1 branch of the dungeon, and saw 4 of its levels.

You collected 170 gold pieces.

Inventory:

Hand Weapons
 a - a +0 shortbow (weapon)
Armour
 h - a +0 scale mail (worn)
Scrolls
 k - 2 scrolls of butterflies
Potions
 c - a potion of magic
 d - 2 potions of attraction
 f - a potion of flight
 l - a potion of curing


   Skills:
 + Level 3.9 Fighting
 + Level 5.2 Ranged Weapons
 + Level 2.7 Armour
 + Level 3.4 Dodging
 - Level 0.7 Stealth
 + Level 2.0 Evocations


You had 4 spell levels left.
You didn't know any spells.
Your spell library contained the following spells:

 Spells                   Type           Power      Damage    Failure   Level
 Gell's Gravitas          Tloc           0%         N/A       99%         3
 Lesser Beckoning         Tloc           0%         N/A       99%         3
 Teleport Other           Tloc           0%         N/A       99%         3


Dungeon Overview and Level Annotations

Branches:
Dungeon (4/15)             Temple (0/1) D:4

Altars:

Annotations:
D:4 Menkaure


Innate Abilities, Weirdness & Mutations

You have a pair of horns on your head.
You reflexively headbutt those who attack you in melee.


Message History

You hear a shout!
Menkaure, Prince of Dust comes into view.
The orc hits you with a +0 club.
Menkaure moves out of view.
Fire: a) +0 shortbow
Press: ? - help, Q - select action Shift-Dir - straight line, f - orc
Aim: an orc, wielding a +0 club and wearing a +0 leather armour (63% to hit)
You shoot an arrow.
The arrow hits the orc but does no damage.
The orc barely misses you. You furiously retaliate!
You headbutt the orc, but do no damage.
Fire: a) +0 shortbow
Press: ? - help, Q - select action Shift-Dir - straight line, f/p - orc
Aim: an orc, wielding a +0 club and wearing a +0 leather armour (63% to hit)
You shoot an arrow. The arrow barely misses the orc.
The orc hits you but does no damage. The orc hits you with a +0 morningstar.
The orc hits you but does no damage.
Fire: a) +0 shortbow
Press: ? - help, Q - select action Shift-Dir - straight line, f/p - orc
Aim: an orc, wielding a +0 club and wearing a +0 leather armour (63% to hit)
You shoot an arrow. The arrow hits the orc.
The orc is lightly wounded.
The orc closely misses you. You furiously retaliate!
You headbutt the orc. The orc hits you with a +0 club.
Fire: a) +0 shortbow
Press: ? - help, Q - select action Shift-Dir - straight line, f/p - orc
Aim: an orc, wielding a +0 club and wearing a +0 leather armour (lightly wounded, 63% to hit)
You shoot an arrow. The arrow hits the orc.
The orc is almost dead.
The orc closely misses you. You furiously retaliate!
You headbutt the orc, but do no damage. The orc barely misses you.
Menkaure mumbles some strange words.
Menkaure seems to speed up.
The orc barely misses you. The orc closely misses you. You furiously retaliate!
You headbutt the orc!
You kill the orc!
As you read the scroll of immolation, it crumbles to dust.
The creatures around you are filled with an inner flame!
The orc hits you with a +0 morningstar! The orc attacks as you move away!
The orc hits you with a +0 morningstar! Menkaure hits you!
You die...

*,,,,,*,........#
,,,,,,**#.......##
*,,,,,*##....<...#
,,,,,,,....#.....#
*,,,**,.#........#
,*,*,,*..........#
,*,,,,*,...#†)o.##
*,,,,*,..........#
,,>,,,,.##.....M@#*
,,,,**,,,#.$......#
,,,*,,*,..##.##.###
,*,*,,,.#**#.,..#
*,,,*,,****#>####
,,,,,,,***,..*
,,,,,,,*,,,*>*
*****,,***,*,*
**,,,,,*,*****


You could see Menkaure (fast, inner flame) and an orc (inner flame).

Vanquished Creatures
  A howler monkey (D:4)
  A jelly (D:4)
  4 gnolls (D:2)
  6 adders
  3 worms
  A dart slug (D:3)
  4 orcs
  7 ball pythons
  5 endoplasms
  4 giant cockroaches
  3 goblins
  A hobgoblin (D:4)
  3 quokkas
  4 bats
  4 frilled lizards
  2 kobolds
  4 rats
57 creatures vanquished.

Notes
Turn   | Place    | Note
-------+----------+-------------------------------------------
     0 | D:1      | RascalDebosk the Minotaur Hunter began the quest for the
                  | Orb.
     0 | D:1      | Reached XP level 1. HP: 18/18 MP: 0/0
   229 | D:1      | Found a faded altar of an unknown god.
   426 | D:1      | Reached XP level 2. HP: 25/25 MP: 1/1
   862 | D:2      | Reached skill level 1 in Armour
   935 | D:2      | Reached skill level 1 in Evocations
   935 | D:2      | Reached XP level 3. HP: 13/30 MP: 2/2
  1792 | D:2      | Reached XP level 4. HP: 35/38 MP: 3/3
  2590 | D:3      | Reached skill level 5 in Ranged Weapons
  2657 | D:3      | Reached XP level 5. HP: 44/45 MP: 4/4
  3123 | D:4      | Noticed Menkaure
  3130 | D:4      | Slain by Menkaure

Illustrated notes

Levels and vault maps discovered:
D:1:      spicycebolla_arrival_transporter_tutorial, layout_loops_ring,
          basic_ecumenical_altar
D:2:      minmay_alternating_diamond, layout_basic
D:3:      layout_basic
D:4:      layout_basic, minmay_temple_entry_mini_moons, uniq_menkaure

Skill      XL: |  1  2  3  4  5 |
---------------+----------------+-----
Armour         | 1 2 |  2.7
Evocations     | 1 2 |  2.0
Fighting       | 3 |  3.9
Dodging        | 3 |  3.4
Ranged Weapons | 5 |  5.2
Stealth        | |  0.7

Action                   |  1- 3 |  4- 6 || total
-------------------------+-------+-------++-------
 Fire: Shortbow          |   104 |   104 ||   208
  Use: Scroll            |       |    10 ||    10
Armor: Ring mail         |     3 |       ||     3
       Scale mail        |    29 |    25 ||    54
Dodge: Dodged            |    44 |    35 ||    79
